PUBAA
CASTLETON-ON-HUDSON TURBINES @ LA GRANGE ZZ'S
09/05/1972
 
TOP OF THE 1ST
Castleton-on-Hudson Turbines batting - Pitching for La Grange ZZ's : RHP Carlos Gonzáles
Pitching: RHP Carlos Gonzáles
Batting: RHB Fred Lynch 0-0: Called Strike
0-1: SINGLE (Line Drive, 6M, EV 98.8 MPH)
Batting: RHB Roberto Alfonso 0-0: Ball
1-0: Ball
2-0: Ball
3-0: Base on Balls
Fred Lynch to second
Batting: RHB Norberto Cruz 0-0: Swinging Strike
0-1: Swinging Strike
0-2: Ball
1-2: Strikes out swinging
Batting: LHB Corey Brooks 0-0: Fly out, F4 (Popup, 34S, EV 80.6 MPH)
Batting: RHB John Booker 0-0: Ball
Wild Pitch!
Fred Lynch to third
Roberto Alfonso to second
1-0: SINGLE (Groundball, 3S, EV 66.3 MPH) (infield hit)
Fred Lynch scores
Roberto Alfonso to third
Batting: LHB Paul Haynes 0-0: Called Strike
0-1: Foul Ball, location: 25F
0-2: Foul Ball, location: 25F
0-2: Ball
1-2: Ball
2-2: Ball
3-2: Strikes out swinging
Top of the 1st over - 1 run, 2 hits, 0 errors, 2 left on base; Castleton-on-Hudson 1 - La Grange 0
BOTTOM OF THE 1ST
La Grange ZZ's batting - Pitching for Castleton-on-Hudson Turbines : LHP Kosami Murayama
Pitching: LHP Kosami Murayama
Batting: RHB Ricardo Castro 0-0: Ball
1-0: Ball
2-0: Ball
3-0: Called Strike
3-1: Base on Balls
Batting: LHB Javier González 0-0: Called Strike
0-1: Fielders Choice at 2nd, 6-4 (Groundball, 6, EV 86.9 MPH)
Batting: LHB Rich Chiles 0-0: Called Strike
0-1: Grounds into double play, 4-6-3 (Groundball, 4, EV 90.0 MPH)
Bottom of the 1st over - 0 runs, 0 hits, 0 errors, 0 left on base; Castleton-on-Hudson 1 - La Grange 0
TOP OF THE 2ND
Castleton-on-Hudson Turbines batting - Pitching for La Grange ZZ's : RHP Carlos Gonzáles
Batting: LHB Milt May 0-0: Foul Ball, location: 23F
0-1: Swinging Strike
0-2: SINGLE (Groundball, 13S, EV 66.9 MPH) (infield hit)
Batting: RHB Luis González 0-0: Ball
1-0: DOUBLE (Line Drive, 9LM, EV 109.4 MPH)
Milt May to third
Batting: RHB Howard Pennington 0-0: Called Strike
0-1: Called Strike
0-2: Ball
1-2: SINGLE (Line Drive, 89S, EV 95.0 MPH)
Milt May scores
Luis González to third
Batting: RHB Fred Lynch 0-0: Called Strike
0-1: Foul Ball, location: 9LDF
0-2: Foul Ball, location: 5SF
0-2: Strikes out swinging
Batting: RHB Roberto Alfonso 0-0: Called Strike
0-1: Fly out, F4 (Popup, 4S, EV 84.4 MPH)
Batting: RHB Norberto Cruz 0-0: Ball
1-0: Ball
2-0: Foul Ball, location: 25FF
2-1: Ball
3-1: Swinging Strike
3-2: Strikes out swinging
Top of the 2nd over - 1 run, 3 hits, 0 errors, 2 left on base; Castleton-on-Hudson 2 - La Grange 0
BOTTOM OF THE 2ND
La Grange ZZ's batting - Pitching for Castleton-on-Hudson Turbines : LHP Kosami Murayama
Batting: RHB Ben Bell 0-0: Ball
1-0: Ball
2-0: Ball
3-0: Base on Balls
Batting: RHB Fred Wilson 0-0: Ball
1-0: Called Strike
1-1: Ball
2-1: Grounds into double play, 5-4-3 (Groundball, 5, EV 85.0 MPH)
Batting: RHB Davey Johnson 0-0: Ball
1-0: Ball
2-0: Called Strike
2-1: Ball
3-1: Base on Balls
Batting: RHB Tim Daly 0-0: Ball
1-0: Foul Ball, location: 5F
1-1: Fielders Choice at 2nd, 6-4 (Groundball, 6, EV 88.1 MPH)
Bottom of the 2nd over - 0 runs, 0 hits, 0 errors, 1 left on base; Castleton-on-Hudson 2 - La Grange 0
TOP OF THE 3RD
Castleton-on-Hudson Turbines batting - Pitching for La Grange ZZ's : RHP Carlos Gonzáles
Batting: LHB Corey Brooks 0-0: Called Strike
0-1: Ball
1-1: Ground out 4-3 (Groundball, 34, EV 96.3 MPH)
Batting: RHB John Booker 0-0: Ball
1-0: Ground out 4-3 (Groundball, 4M, EV 77.5 MPH)
Batting: LHB Paul Haynes 0-0: Called Strike
0-1: Foul Ball, location: 25F
0-2: Ground out 4-3 (Groundball, 4, EV 107.5 MPH)
Top of the 3rd over - 0 runs, 0 hits, 0 errors, 0 left on base; Castleton-on-Hudson 2 - La Grange 0
BOTTOM OF THE 3RD
La Grange ZZ's batting - Pitching for Castleton-on-Hudson Turbines : LHP Kosami Murayama
Batting: RHB Dan Maines 0-0: Ball
1-0: Swinging Strike
1-1: Foul Ball, location: 7LSF
1-2: Ball
2-2: Ball
3-2: Fly out, F8 (Flyball, 8RD, EV 91.3 MPH)
Batting: RHB Dan Monzon 0-0: Ground out 4-3 (Groundball, 4S, EV 90.0 MPH)
Batting: RHB Ricardo Castro 0-0: Ball
1-0: Foul Ball, location: 3SF
1-1: Ball
2-1: Called Strike
2-2: Ball
3-2: Base on Balls
Batting: LHB Javier González 0-0: Ball
Ricardo Castro steals 2nd base
1-0: Called Strike
1-1: Ball
2-1: SINGLE (Flyball, 3D, EV 93.8 MPH)
Ricardo Castro to third
Runner from 3rd tries for Home, throw by RF and OUT! 9-2
Bottom of the 3rd over - 0 runs, 1 hit, 0 errors, 1 left on base; Castleton-on-Hudson 2 - La Grange 0
TOP OF THE 4TH
Castleton-on-Hudson Turbines batting - Pitching for La Grange ZZ's : RHP Carlos Gonzáles
Batting: LHB Milt May 0-0: Swinging Strike
0-1: Swinging Strike
0-2: Strikes out swinging
Batting: RHB Luis González 0-0: Ground out 6-3 (Groundball, P, EV 85.6 MPH)
Batting: RHB Howard Pennington 0-0: Ball
1-0: SOLO HOME RUN (Flyball, 7LD, EV 91.3 MPH), Distance : 332 ft
Batting: RHB Fred Lynch 0-0: Called Strike
0-1: Ball
1-1: Called Strike
1-2: Strikes out swinging
Top of the 4th over - 1 run, 1 hit, 0 errors, 0 left on base; Castleton-on-Hudson 3 - La Grange 0
BOTTOM OF THE 4TH
La Grange ZZ's batting - Pitching for Castleton-on-Hudson Turbines : LHP Kosami Murayama
Batting: LHB Rich Chiles 0-0: Ball
1-0: Called Strike
1-1: Foul Ball, location: 2F
1-2: Foul Ball, location: 2F
1-2: SINGLE (Groundball, 6MD, EV 105.6 MPH)
Batting: RHB Ben Bell 0-0: Ball
1-0: Ball
2-0: Grounds into double play, 6-4-3 (Groundball, 6D, EV 98.1 MPH)
Batting: RHB Fred Wilson 0-0: Ball
1-0: Called Strike
1-1: Swinging Strike
1-2: Foul Ball, location: 25F
1-2: Ball
2-2: Foul Ball, location: 25F
2-2: Ground out 6-3 (Groundball, 6D, EV 103.1 MPH)
Bottom of the 4th over - 0 runs, 1 hit, 0 errors, 0 left on base; Castleton-on-Hudson 3 - La Grange 0
TOP OF THE 5TH
Castleton-on-Hudson Turbines batting - Pitching for La Grange ZZ's : RHP Carlos Gonzáles
Batting: RHB Roberto Alfonso 0-0: Foul Ball, location: 9LMF
0-1: Ball
1-1: Swinging Strike
1-2: Strikes out swinging
Batting: RHB Norberto Cruz 0-0: Ground out U3 (Groundball, 3, EV 105.0 MPH)
Batting: LHB Corey Brooks 0-0: Ball
1-0: Called Strike
1-1: Called Strike
1-2: Strikes out swinging
Top of the 5th over - 0 runs, 0 hits, 0 errors, 0 left on base; Castleton-on-Hudson 3 - La Grange 0
BOTTOM OF THE 5TH
La Grange ZZ's batting - Pitching for Castleton-on-Hudson Turbines : LHP Kosami Murayama
Batting: RHB Davey Johnson 0-0: Called Strike
0-1: Swinging Strike
0-2: Foul Ball, location: 9LMF
0-2: Ball
1-2: Ball
2-2: Foul Ball, location: 5F
2-2: Foul Ball, location: 9LSF
2-2: Foul Ball, location: 2F
2-2: Foul Ball, location: 2F
2-2: Ground out 6-3 (Groundball, 6, EV 81.3 MPH)
Batting: RHB Tim Daly 0-0: SINGLE (Groundball, 6MD, EV 103.1 MPH)
Batting: RHB Dan Maines 0-0: Ball
1-0: Ball
2-0: Ball
3-0: Called Strike
3-1: Foul Ball, location: 9LSFF
3-2: Foul Ball, location: 3FF
3-2: Foul Ball, location: 2F
3-2: SINGLE (Groundball, 56D, EV 98.8 MPH) (infield hit)
Tim Daly to second
Batting: RHB Dan Monzon 0-0: Ball
1-0: Swinging Strike
1-1: Called Strike
1-2: Ball
2-2: Strikes out swinging
Batting: RHB Ricardo Castro 0-0: Called Strike
0-1: Foul Ball, location: 2F
0-2: Ball
1-2: Ground out 6-3 (Groundball, 56, EV 96.9 MPH)
Bottom of the 5th over - 0 runs, 2 hits, 0 errors, 2 left on base; Castleton-on-Hudson 3 - La Grange 0
TOP OF THE 6TH
Castleton-on-Hudson Turbines batting - Pitching for La Grange ZZ's : RHP Carlos Gonzáles
Batting: RHB John Booker 0-0: Called Strike
0-1: Fly out, F8 (Flyball, 8RD, EV 82.5 MPH)
Batting: LHB Paul Haynes 0-0: Foul Ball, location: 7LMFF
0-1: Ball
1-1: Foul Ball, location: 2F
1-2: Foul Ball, location: 2F
1-2: Strikes out looking
Batting: LHB Milt May 0-0: Called Strike
0-1: Fly out, F7 (Line Drive, 78M, EV 83.8 MPH)
Top of the 6th over - 0 runs, 0 hits, 0 errors, 0 left on base; Castleton-on-Hudson 3 - La Grange 0
BOTTOM OF THE 6TH
La Grange ZZ's batting - Pitching for Castleton-on-Hudson Turbines : LHP Kosami Murayama
Batting: LHB Javier González 0-0: Called Strike
0-1: Ball
1-1: SINGLE (Groundball, 5D, EV 99.4 MPH)
Batting: LHB Rich Chiles 0-0: Ball
1-0: Ball
2-0: SINGLE (Line Drive, 4MD, EV 98.8 MPH)
Javier González to second
Batting: RHB Ben Bell 0-0: Called Strike
0-1: Ball
1-1: Ball
2-1: Foul Ball, location: 9LMF
2-2: Fly out, F4 (Popup, 4M, EV 71.3 MPH)
Batting: RHB Fred Wilson 0-0: Swinging Strike
0-1: Swinging Strike
0-2: Ball
1-2: Foul Ball, location: 5FF
1-2: Fly out, F5 (Popup, 56S, EV 81.9 MPH)
Batting: RHB Davey Johnson 0-0: Ball
1-0: 3-RUN HOME RUN (Flyball, 7D, EV 93.8 MPH), Distance : 365 ft
Batting: RHB Tim Daly 0-0: Called Strike
0-1: Ball
1-1: Ball
2-1: Ball
3-1: Swinging Strike
3-2: Base on Balls
Batting: RHB Dan Maines 0-0: Called Strike
0-1: Ball
1-1: Foul Ball, location: 25F
1-2: Foul Ball, location: 7LSF
1-2: Ball
2-2: Strikes out swinging
Bottom of the 6th over - 3 runs, 3 hits, 0 errors, 1 left on base; Castleton-on-Hudson 3 - La Grange 3
TOP OF THE 7TH
Castleton-on-Hudson Turbines batting - Pitching for La Grange ZZ's : RHP Carlos Gonzáles
Batting: RHB Luis González 0-0: Called Strike
0-1: Foul Ball, location: 23FF
0-2: Strikes out swinging
Batting: RHB Howard Pennington 0-0: Foul Ball, location: 3SF
0-1: Ball
1-1: Foul Ball, location: 9LSF
1-2: Foul Ball, location: 9LMF
1-2: Strikes out swinging passed ball, reaches first!
Pitching: RHP Bobby Cowhig
Batting: RHB Fred Lynch 0-0: Swinging Strike
0-1: Ball
1-1: Swinging Strike
1-2: Strikes out swinging
Pinch Hitting: LHB Wayne Davis 0-0: Swinging Strike
0-1: Foul Ball, location: 7LDF
0-2: Strikes out swinging
Top of the 7th over - 0 runs, 0 hits, 0 errors, 1 left on base; Castleton-on-Hudson 3 - La Grange 3
BOTTOM OF THE 7TH
La Grange ZZ's batting - Pitching for Castleton-on-Hudson Turbines : LHP Kosami Murayama
Now at 2B: Stanley Gunter
Batting: RHB Dan Monzon 0-0: Ball
1-0: Ball
2-0: Called Strike
2-1: Ball
3-1: Base on Balls
Batting: RHB Ricardo Castro 0-0: 2-RUN HOME RUN (Flyball, 78XD, EV 102.5 MPH), Distance : 399 ft
Pitching: LHP Brandon Palmer
Batting: LHB Javier González 0-0: Ball
1-0: Ball
2-0: Called Strike
2-1: DOUBLE (Line Drive, 7LM, EV 100.0 MPH)
Batting: LHB Rich Chiles 0-0: Ball
Wild Pitch!
Javier González to third
1-0: Ball
2-0: Called Strike
2-1: Swinging Strike
2-2: Foul Ball, location: 7LMF
2-2: Strikes out swinging
Batting: RHB Ben Bell 0-0: Ball
1-0: Called Strike
1-1: Swinging Strike
1-2: Strikes out swinging
Batting: RHB Fred Wilson 0-0: Ball
1-0: Fly out, F8 (Line Drive, 8LM, EV 88.8 MPH)
Bottom of the 7th over - 2 runs, 2 hits, 0 errors, 1 left on base; Castleton-on-Hudson 3 - La Grange 5
TOP OF THE 8TH
Castleton-on-Hudson Turbines batting - Pitching for La Grange ZZ's : RHP Bobby Cowhig
Batting: RHB Norberto Cruz 0-0: Ball
1-0: Foul Ball, location: 2F
1-1: Ball
2-1: Ground out 5-3 (Groundball, 56S, EV 88.1 MPH)
Batting: LHB Corey Brooks 0-0: Ball
1-0: Ball
2-0: Ball
3-0: Base on Balls
Batting: RHB John Booker 0-0: Ball
1-0: Foul Ball, location: 9LMF
1-1: Grounds into double play, 6-4-3 (Groundball, 6, EV 84.4 MPH)
Top of the 8th over - 0 runs, 0 hits, 0 errors, 0 left on base; Castleton-on-Hudson 3 - La Grange 5
BOTTOM OF THE 8TH
La Grange ZZ's batting - Pitching for Castleton-on-Hudson Turbines : LHP Brandon Palmer
Batting: RHB Davey Johnson 0-0: Swinging Strike
0-1: Ball
1-1: Called Strike
1-2: Fly out, F3 (Popup, 3SF, EV 76.9 MPH)
Batting: RHB Tim Daly 0-0: Ball
1-0: Ball
2-0: Called Strike
2-1: SINGLE (Groundball, 34D, EV 105.6 MPH)
Batting: RHB Dan Maines 0-0: Swinging Strike
0-1: Called Strike
0-2: Foul Ball, location: 2F
0-2: Strikes out swinging
Batting: RHB Dan Monzon 0-0: Ball
1-0: Foul Ball, location: 2F
1-1: Ball
2-1: Ball
3-1: Foul Ball, location: 2F
3-2: Ground out 4-3 (Groundball, 4, EV 109.4 MPH)
Bottom of the 8th over - 0 runs, 1 hit, 0 errors, 1 left on base; Castleton-on-Hudson 3 - La Grange 5
TOP OF THE 9TH
Castleton-on-Hudson Turbines batting - Pitching for La Grange ZZ's : RHP Bobby Cowhig
Batting: LHB Paul Haynes 0-0: Ball
1-0: Ball
2-0: Swinging Strike
2-1: Swinging Strike
2-2: Ball
3-2: Strikes out swinging
Batting: LHB Milt May 0-0: Called Strike
0-1: Ball
1-1: Ball
2-1: Foul Ball, location: 7LSF
2-2: Strikes out swinging
Batting: RHB Luis González 0-0: Called Strike
0-1: Ball
1-1: Called Strike
1-2: Strikes out looking
Top of the 9th over - 0 runs, 0 hits, 0 errors, 0 left on base; Castleton-on-Hudson 3 - La Grange 5
Thursday, May 2nd , 2024 - OOTP Baseball 24.8 Build 75